 Dungeon Crawl Stone Soup version 0.32-a0-975-g85d4e5bfdb (webtiles) character file.

Game seed: 8794676653171711752

881 ezpacito the Chopper (level 8, -1/61 HPs)
             Began as a Coglin Chaos Knight on Apr 20, 2024.
             Was a Plaything of Xom.
             Slain by a hornet (15 damage)
             ... on level 5 of the Dungeon.
             The game lasted 00:04:10 (3098 turns).

ezpacito the Chopper (Coglin Chaos Knight)          Turns: 3098, Time: 00:04:11

Health: -1/61      AC: 13    Str: 16    XL:     8   Next: 5%
Magic:  10/10      EV:  7    Int: 11    God:    Xom [......]
Gold:   168        SH:  0    Dex: 13    Spells: 9/9 levels left

rFire   . . .        a - +0 hand axe (chaos) {Jinae}
rCold   . . .        x - +0 trident {Iseul}
rNeg    . . .        A - +1 chain mail {rPois}
rPois   +            w - +0 helmet
rElec   .            s - +0 cloak
rCorr   .            d - +0 pair of gloves
SInv    .            (no boots)
Will    .....        (amulet unavailable) Stlth
                     (ring unavailable)
HPRegen 0.30/turn    (ring unavailable)
MPRegen 0.12/turn    (no gizmo)

%: no passive effects
@: slowed, revved, very slow
A: off-hand wielding, slow wielding, warmup strikes, no jewellery
a: Invent Gizmo, Renounce Religion


You were on level 5 of the Dungeon.
You worshipped Xom.
You were a very special plaything of Xom.
You visited 1 branch of the dungeon, and saw 5 of its levels.

You collected 168 gold pieces.

Inventory:

Hand Weapons
 a - a +0 hand axe of chaos (weapon) {Jinae}
 v - a +0 sling
 x - a +0 trident (offhand) {Iseul}
Missiles
 g - 2 poisoned darts (quivered)
 j - 5 boomerangs
Armour
 d - a +0 pair of gloves (worn)
 f - a +0 plate armour
 s - a +0 cloak (worn)
 w - a +0 helmet (worn)
 A - a +1 chain mail of poison resistance (worn)
Wands
 u - a wand of warping (17)
Scrolls
 c - a scroll of butterflies
 e - 2 scrolls of fog
 p - 2 scrolls of blinking {unknown}
 r - a scroll of noise
 t - 4 scrolls of teleportation
 y - a scroll of enchant weapon {unknown}
 z - a scroll of poison {unknown}
Potions
 b - a potion of attraction {unknown}
 h - a potion of haste
 l - 2 potions of heal wounds
 m - a potion of might {unknown}
 n - a potion of brilliance {unknown}
 o - 2 potions of mutation {unknown}


   Skills:
 * Level 4.4 Fighting
 * Level 4.4(4.9) Axes
 * Level 2.6(3.8) Polearms
 + Level 1.3 Ranged Weapons
 + Level 1.5 Throwing
 * Level 3.5 Armour
 * Level 3.0 Dodging
 + Level 1.8 Stealth
 + Level 1.3 Spellcasting
 + Level 2.1 Evocations


You had 9 spell levels left.
You didn't know any spells.
Your spell library contained the following spells:

 Spells                   Type           Power      Damage    Failure   Level
 Freeze                   Ice            0%         1d3       98%         1
 Blink                    Tloc           0%         N/A       99%         2
 Lesser Beckoning         Tloc           0%         N/A       99%         2
 Momentum Strike          Conj/Tloc      0%         3d8       99%         2
 Frozen Ramparts          Ice            0%         1d1       100%        3
 Hailstorm                Conj/Ice       0%         3d5       100%        3


Dungeon Overview and Level Annotations

Branches:
Dungeon (5/15)
 Temple: D:4-7

Altars:
Hepliaklqana
Kikubaaqudgha
Makhleb


Innate Abilities, Weirdness & Mutations

You can wield a second weapon in your off-hand.
It takes a long time for you to wield or remove held weapons.
Your first few attacks do less damage.
You cannot equip rings or amulets.


Message History

You take 7 damage, and have 37/61 hp.
You are too injured to fight recklessly!
You closely miss the hornet with your +0 trident.
The hornet is moderately wounded.
You hit the hornet but do no damage.
You feel very sick.
The hornet stings you but does no damage. x2
You take 4 damage, and have 33/61 hp.
You hit the hornet with your +0 hand axe of chaos.
The hornet looks weaker.
The hornet is moderately wounded.
You closely miss the hornet with your +0 trident.
You feel yourself speed up.
You feel sick. The hornet stings you.
You feel yourself slow down. The hornet completely misses you.
The hornet stings you.
You feel as though you will be slow longer.
You take 7 damage, and have 26/61 hp.
You completely miss the hornet with your +0 hand axe of chaos.
The hornet is moderately wounded.
You miss the hornet with your +0 trident.
You feel sick.
The hornet stings you but does no damage. x2
You take 1 damage, and have 25/61 hp.
You feel better. The hornet stings you.
The hornet stings you but does no damage.
You barely miss the hornet with your +0 hand axe of chaos.
The hornet is moderately wounded.
You hit the hornet but do no damage. The hornet stings you.
The hornet stings you!
* * * LOW HITPOINT WARNING * * *
You feel as though you will be slow longer.
The hornet stings you but does no damage.
You take 12 damage, and have 14/61 hp.
You hit the hornet but do no damage.
The hornet is moderately wounded.
You hit the hornet with your +0 hand axe of chaos.
The hornet seems to grow stronger.
The hornet is no longer weakened.
The hornet stings you!
You die...
Xom chuckles heartily!

... ..... . #
.... . #. #..# .#
..##..# .#
......###.#
##....y.# #
##..>.@..#.## ..
#...........#
...###.[###..#.##
#........####..#
##.......##.(.
#........#.#
#........[.#
##....#..###
##...###...#


You could see a hornet (strong).

Vanquished Creatures
  Grinder (D:5)
  2 black bears (D:4)
  An orc warrior (D:5)
  2 scorpions (D:4)
  A jelly (D:4)
  An orc priest (D:4)
  A bombardier beetle (D:5)
  A hound (D:5)
  An iguana (D:3)
  An orc wizard (D:4)
  3 adders
  2 dart slugs
  14 orcs
  6 ball pythons
  3 bats
  6 endoplasms
  2 giant cockroaches
  5 goblins
  6 hobgoblins
  7 jackals
  3 quokkas
  4 frilled lizards (D:1)
  6 kobolds
  4 rats
83 creatures vanquished.

Notes
Turn   | Place    | Note
-------+----------+-------------------------------------------
     0 | D:1      | ezpacito the Coglin Chaos Knight began the quest for the
                  | Orb.
     0 | D:1      | Reached XP level 1. HP: 18/18 MP: 1/1
    24 | D:1      | XOM: divination: detect creatures
    96 | D:1      | Reached XP level 2. HP: 24/24 MP: 2/2
   128 | D:1      | Reached skill level 1 in Dodging
   190 | D:1      | XOM: silly message
   790 | D:2      | Identified the +0 ring mail of the Big Bang {+Blink}
   799 | D:2      | Found a faded altar of an unknown god.
   834 | D:2      | Reached XP level 3. HP: 26/29 MP: 3/3
  1091 | D:2      | XOM: divination: detect creatures
  1161 | D:2      | XOM: silly message
  1340 | D:3      | Found a hazy altar of Hepliaklqana.
  1612 | D:3      | Reached XP level 4. HP: 23/35 MP: 4/4
  1706 | D:3      | Reached skill level 1 in Polearms
  1706 | D:3      | Reached skill level 1 in Stealth
  1825 | D:3      | XOM: cloud trail
  1869 | D:3      | Found a burning altar of Makhleb.
  1978 | D:3      | Found an ancient bone altar of Kikubaaqudgha.
  2141 | D:4      | XOM: stealth player
  2198 | D:4      | Reached XP level 5. HP: 41/41 MP: 5/5
  2336 | D:4      | XOM: noise
  2357 | D:4      | Reached skill level 1 in Evocations
  2357 | D:4      | Reached XP level 6. HP: 30/47 MP: 5/7
  2365 | D:4      | XOM: smoke on damage
  2371 | D:4      | XOM: noise
  2498 | D:4      | Reached skill level 1 in Throwing
  2663 | D:4      | Noticed a black bear
  2673 | D:4      | Killed a black bear
  2674 | D:4      | Reached skill level 1 in Spellcasting
  2922 | D:5      | Entered Level 5 of the Dungeon
  2922 | D:5      | Noticed a black bear
  2922 | D:5      | Noticed an orc warrior
  2938 | D:4      | Killed a black bear
  2939 | D:4      | Reached XP level 7. HP: 42/53 MP: 8/8
  2979 | D:5      | XOM: confuse monster(s)
  2995 | D:5      | XOM: cast spell 'Fugue of the Fallen'
  3003 | D:5      | Reached skill level 1 in Ranged Weapons
  3013 | D:5      | Identified the +2 leather armour of Fuzzy Curiosity {rC++
                  | Will+ Str-2}
  3040 | D:5      | Noticed Grinder
  3048 | D:5      | XOM: silly message
  3051 | D:5      | Killed Grinder
  3066 | D:5      | Reached XP level 8. HP: 24/61 MP: 8/10
  3089 | D:5      | Noticed a hornet
  3098 | D:5      | Slain by a hornet

Illustrated notes

Levels and vault maps discovered:
D:1:      roderic_dead_forest, layout_loops_ring
D:2:      layout_basic, hellmonk_ecumenical_altar_crossroads
D:3:      layout_rooms, mainiacjoe_overflow_surrounded_room,
          mainiacjoe_overflow_brackets, mainiacjoe_overflow_boulevard,
          nicolae_houndstooth_variations
D:4:      layout_loops_cross
D:5:      layout_cave_pools, uniq_grinder

Skill      XL: |  1  2  3  4  5  6  7 |
---------------+----------------------+-----
Dodging        | 1 2 3 |  3.0
Armour         | 2 3 |  3.5
Polearms       | 1 2 |  2.6
Stealth        | 1 |  1.8
Evocations     | 1 2 |  2.1
Throwing       | 1 |  1.5
Axes           | 4 |  4.4
Spellcasting   | 1 |  1.3
Fighting       | 4 |  4.4
Ranged Weapons | 1 |  1.3

Action                     |  1- 3 |  4- 6 |  7- 9 || total
---------------------------+-------+-------+-------++-------
  Melee: Hand axe          |    75 |    77 |    45 ||   197
         Dagger            |    65 |    23 |       ||    88
         Trident           |       |    59 |    44 ||   103
    Use: Potion            |     1 |       |     2 ||     3
         Scroll            |       |     5 |       ||     5
   Stab: Sleeping          |     3 |     2 |       ||     5
 Armour: Leather armour    |    61 |    25 |       ||    86
         Chain mail        |       |    75 |    53 ||   128
  Dodge: Dodged            |    41 |    45 |    30 ||   116

Table legend: (Time is in decaauts)
 A = Elapsed time spent in this place.
 B = Non-inter-level travel time spent in this place.
 C = Inter-level travel time spent in this place.
 D = Time resting spent in this place.
 E = Time spent auto-exploring this place.
 F = Levels seen in this place.
 G = Mean time per level.
                   A        B        C        D        E       F      G
               +--------+--------+--------+--------+--------+-----+--------+
         Total |   3123 |   2869 |    254 |     32 |   2226 |   5 |  624.6 |
       Dungeon |   3123 |   2869 |    254 |     32 |   2226 |   5 |  624.6 |
               +--------+--------+--------+--------+--------+-----+--------+

Top non-repeatable levels by time:
     D:3: 849 daAuts
     D:4: 803 daAuts
     D:1: 726 daAuts
     D:2: 614 daAuts
     D:5: 129 daAuts
